 Dungeon Crawl Stone Soup version 0.30-a0-568-g124715a40b (webtiles) character file.

Game seed: 15756735829816666299

383 flotson the Sneak (level 6, 0/48 HPs)
             Began as a Demonspawn Delver on Dec 29, 2022.
             Slain by a jelly (1 damage)
             ... on level 3 of the Dungeon.
             The game lasted 00:05:56 (3642 turns).

flotson the Sneak (Demonspawn Delver)               Turns: 3642, Time: 00:05:57

Health: 0/48       AC: -4    Str: 14    XL:     6   Next: 47%
Magic:  6/6        EV: 11    Int: 11    God:
Gold:   169        SH:  0    Dex: 15    Spells: 5/5 levels left

rFire   . . .      SeeInvis .    a - +0 hand axe
rCold   . . .      Faith    .    (no shield)
rNeg    . . .      Spirit   .    k - +0 ring mail
rPois   .          Reflect  .    (no helmet)
rElec   .          Harm     .    (no cloak)
rCorr   .          Rampage  .    f - +1 pair of gloves
Will    .....                    (no boots)
Stlth   ++                       (no amulet)
HPRegen 0.28/turn                (no ring)
MPRegen 0.10/turn                (no ring)

@: corroded
A: powered by death 1
a: no special abilities


You were on level 3 of the Dungeon.
You visited 1 branch of the dungeon, and saw 5 of its levels.

You collected 169 gold pieces.

Inventory:

Hand Weapons
 a - a +0 hand axe (weapon)
Missiles
 h - a silver boomerang
 r - 8 poisoned darts (quivered)
Armour
 f - a +1 pair of gloves (worn)
 k - a +0 ring mail (worn)
Wands
 g - a wand of digging (3)
Scrolls
 b - 2 scrolls of teleportation {unknown}
 c - a scroll of fog
 d - 3 scrolls of magic mapping
 e - a scroll of amnesia {unknown}
 i - 2 scrolls of torment {unknown}
 l - 2 scrolls of noise {unknown}
 m - a scroll of vulnerability {unknown}
 n - 4 scrolls of identify {unknown}
 q - 2 scrolls of enchant weapon {unknown}
 t - a scroll of enchant armour {unknown}
Potions
 j - 2 potions of brilliance {unknown}
 o - a potion of flight {unknown}
 p - 4 potions of attraction {unknown}
 s - a potion of degeneration {unknown}
 u - a potion of mutation {unknown}


   Skills:
 + Level 3.9 Fighting
 + Level 2.8 Axes
 + Level 1.9 Throwing
 + Level 2.1 Armour
 + Level 2.9 Dodging
 - Level 5.0 Stealth
 + Level 2.3 Evocations


You had 5 spell levels left.
You didn't know any spells.
Your spell library contained the following spells:

 Spells                   Type           Power      Damage    Failure   Level
 Summon Small Mammal      Summ           0%         N/A       56%         1
 Static Discharge         Conj/Air       0%         2-2/arc   71%         2
 Animate Armour           Summ/Erth      0%         N/A       100%        4
 Malign Gateway           Summ/Tloc      0%         N/A       100%        7


Dungeon Overview and Level Annotations

Branches:
Dungeon (5/15)
 Temple: D:4-7

Altars:

Annotations:
D:3 Pikel


Innate Abilities, Weirdness & Mutations

You regenerate a little health from kills.


Message History

You are splashed with acid!
The jelly hits you but does no damage. The jelly attacks as you move away!
The jelly closely misses you. The jelly attacks as you move away!
The jelly barely misses you.
There is a stone staircase leading down here.
The jelly attacks as you move away! The jelly barely misses you.
The jelly attacks as you move away! The jelly closely misses you.
There is a stone staircase leading up here.
The jelly closely misses you.
You climb upwards.
Level annotation: Pikel
There is a stone staircase leading down, spattered with blood here.
You hit the jelly.
Your hands burn!
The jelly is lightly wounded.
The jelly hits you but does no damage.
You hit the jelly.
Your hands burn!
The jelly is moderately wounded.
The jelly hits you.
You are splashed with acid!
You hit the jelly. The acid corrodes you!
Your hands burn!
The jelly is severely wounded.
The jelly hits you but does no damage. The jelly completely misses you.
You are too injured to fight recklessly!
You are too injured to fight recklessly!
You are too injured to fight recklessly!
You are too injured to fight recklessly!
You are too injured to fight recklessly!
You are too injured to fight recklessly!
You are too injured to fight recklessly!
You hit the jelly. The acid corrodes you!
Your hands burn!
The jelly is almost dead.
The jelly barely misses you.
You hit the jelly but do no damage. The acid corrodes you!
Your hands burn!
The jelly is almost dead.
The jelly hits you. The acid corrodes you!
You are splashed with acid!
* * * LOW HITPOINT WARNING * * *
You hit the jelly but do no damage.
Your hands burn!
* * * LOW HITPOINT WARNING * * *
The jelly is almost dead.
The jelly hits you.
You die...

######### #(......#
#.#####.#
####.#####.#
#....#.....#
######.#<...#####
####....#.########.#
..##....#........J.#
........'.^..)..@#.#
..##....########.#.#
..##....######...#.#
..##....)......#.#.#
..######...........#
..# #......##.###
..# #.........# ###
#......#### #......#


You could see a jelly.

Vanquished Creatures
  Grinder (D:3)
  4 lemures (D:3)
  A necrophage (D:4)
  2 hound zombies (D:4)
  3 adders
  An adder zombie (D:4)
  A worm (D:2)
  4 dart slugs
  An orc (D:4)
  6 endoplasms
  A giant cockroach (D:1)
  3 goblins
  6 hobgoblins
  2 jackals (D:1)
  2 quokkas (D:1)
  5 ball pythons
  4 bats
  7 frilled lizards
  5 kobolds
  5 rats
64 creatures vanquished.

Vanquished Creatures (others)
  8 plants (D:3)
8 creatures vanquished.

Grand Total: 72 creatures vanquished

Notes
Turn   | Place    | Note
-------+----------+-------------------------------------------
     0 | D:5      | flotson the Demonspawn Delver began the quest for the Orb.
     0 | D:5      | Reached XP level 1. HP: 18/18 MP: 1/1
    82 | D:5      | Gained mutation: You regenerate a little health from kills.
                  | [demonic ancestry]
    82 | D:5      | Reached XP level 2. HP: 16/24 MP: 2/2
   131 | D:4      | Noticed a lemure
   135 | D:4      | Noticed a lemure
   280 | D:2      | Got the Folio of the Sage
   509 | D:1      | Reached XP level 3. HP: 29/29 MP: 3/3
   994 | D:1      | Reached skill level 1 in Evocations
  1264 | D:2      | Reached skill level 1 in Armour
  1734 | D:3      | Reached XP level 4. HP: 35/35 MP: 4/4
  1793 | D:3      | Noticed Grinder
  1808 | D:3      | Paralysed by Grinder for 2 turns
  1827 | D:3      | HP: 1/35 [Grinder (5)]
  1832 | D:3      | Paralysed by Grinder for 3 turns
  1862 | D:3      | Killed Grinder
  1863 | D:3      | Reached skill level 1 in Throwing
  1863 | D:3      | Reached skill level 5 in Stealth
  1863 | D:3      | Reached XP level 5. HP: 31/42 MP: 5/5
  1863 | D:3      | Reached XP level 6. HP: 35/48 MP: 6/6
  3023 | D:4      | Noticed Pikel
  3642 | D:3      | HP: 1/48 [acid (5)]
  3642 | D:3      | Slain by a jelly

Illustrated notes

Levels and vault maps discovered:
D:1:      mrwooster_arrival_arrow, layout_basic, dreamdust_princess_bridge
D:2:      layout_rooms, st_stairs_4
D:3:      layout_basic, serial_bayou, serial_bayou_shore_a,
          serial_bayou_crossing, serial_bayou_shore_b, serial_bayou_shore_b,
          serial_bayou_lagoon_b, uniq_grinder
D:4:      layout_gridville, serial_undead, serial_undead_c, serial_undead_d,
          serial_undead_e, serial_undead_e, uniq_pikel
D:5:      layout_rooms

Skill      XL: |  1  2  3  4  5  6 |
---------------+-------------------+-----
Axes           | 2 |  2.8
Dodging        | 2 |  2.9
Evocations     | 1 2 |  2.3
Armour         | 1 2 |  2.1
Throwing       | 1 |  1.9
Stealth        | 5 |  5.0
Fighting       | |  3.9

Action                   |  1- 3 |  4- 6 || total
-------------------------+-------+-------++-------
Melee: Hand axe          |   120 |   214 ||   334
       Punch             |     2 |     3 ||     5
Throw: Dart              |       |    18 ||    18
  Use: Potion            |       |     4 ||     4
       Scroll            |       |     1 ||     1
 Stab: Sleeping          |     3 |     2 ||     5
Armor: Leather armour    |     7 |       ||     7
       Ring mail         |    41 |    72 ||   113
Dodge: Dodged            |    83 |   117 ||   200

Table legend: (Time is in decaauts)
 A = Elapsed time spent in this place.
 B = Non-inter-level travel time spent in this place.
 C = Inter-level travel time spent in this place.
 D = Time resting spent in this place.
 E = Time spent auto-exploring this place.
 F = Levels seen in this place.
 G = Mean time per level.
                   A        B        C        D        E       F      G
               +--------+--------+--------+--------+--------+-----+--------+
         Total |   3741 |   3516 |    225 |    509 |   2200 |   5 |  748.2 |
       Dungeon |   3741 |   3516 |    225 |    509 |   2200 |   5 |  748.2 |
               +--------+--------+--------+--------+--------+-----+--------+

Top non-repeatable levels by time:
     D:3: 1647 daAuts
     D:1: 939 daAuts
     D:2: 694 daAuts
     D:4: 327 daAuts
     D:5: 131 daAuts
